 Dungeon Sprint DCSS version 0.29-a0-284-gf9362112df (webtiles) character file.

Game seed: 9891787448836237649

8071 mhtbhm the Warrior (level 11, -3/117 HPs)
             Began as a Minotaur Berserker on Mar 26, 2022.
             Was the Champion of Trog.
             Succumbed to a death drake's dark miasma
             ... in the Dungeon (Sprint III: "The Ten Rune Challenge").
             The game lasted 00:03:43 (3224 turns).

mhtbhm the Warrior (Minotaur Berserker)             Turns: 3224, Time: 00:03:43

Health: -3/117     AC: 10    Str: 25    XL:     11   Next: 5%
Magic:  10/10      EV: 15    Int:  4    God:    Trog [******]
Gold:   37         SH:  0    Dex: 11    Spells: 10/10 levels left

rFire   . . .      SeeInvis .   a - +2 quarterstaff (vorpal)
rCold   . . .      Faith    .   (shield currently unavailable)
rNeg    . . .      Spirit   .   b - +0 ring mail
rPois   .          Reflect  .   (helmet restricted)
rElec   .          Harm     .   k - +1 cloak
rCorr   .          Rampage  .   (no gloves)
Will    .....      NoTele   +   r - +0 pair of boots
Stlth   +++.......              (no amulet)
HPRegen 0.29/turn               (no ring)
MPRegen 0.12/turn               (no ring)

@: lethally poisoned (-3 -> -38), on berserk cooldown, slowed, very slow
A: horns 2, retaliatory headbutt
a: Renounce Religion, Berserk, Trog's Hand, Brothers in Arms


You were in the Dungeon.
You worshipped Trog.
Trog was exalted by your worship.
You visited 1 branch You collected 37 gold pieces.

Inventory:

Hand Weapons
 a - a +2 vorpal quarterstaff (weapon)
Missiles
 t - 7 javelins (quivered)
Armour
 b - a +0 ring mail (worn)
 k - a +1 cloak (worn)
 r - a +0 pair of boots (worn)
Wands
 p - a wand of mindburst (9)
Scrolls
 h - a scroll of blinking
 i - 3 scrolls of identify {unknown}
 l - a scroll of torment {unknown}
 n - a scroll of immolation {unknown}
Potions
 c - a potion of curing
 d - 2 potions of heal wounds
 e - a potion of lignification {unknown}
 f - 2 potions of magic
 g - a potion of berserk rage
 j - a potion of resistance {unknown}
 m - 2 potions of flight
 o - 5 potions of mutation
 q - a potion of might
Miscellaneous
 s - a box of beasts


   Skills:
 + Level 17.5 Fighting
 + Level 14.6(17.7) Polearms
 + Level 16.5(18.7) Staves
 + Level 7.7 Armour
 + Level 10.5 Dodging
 + Level 6.9 Stealth
 + Level 2.0 Evocations


You had 10 spell levels left.
You didn't know any spells.
Your spell library was empty.

Dungeon Overview and Level Annotations

Branches:
Dungeon (1/1)

Altars:
Cheibriados
Dithmenos
Elyvilon
Fedhas
Gozag
Hepliaklqana
Kikubaaqudgha
Makhleb
Nemelex Xobeh
Okawaru
Qazlal
Ru
Sif Muna
Trog
Uskayaw
Vehumet
Wu Jian
Xom
Yredelemnul
Zin
The Shining One
Beogh
Jiyva
Lugonu


Innate Abilities, Weirdness & Mutations

You have a pair of horns on your head.
You reflexively headbutt those who attack you in melee.


Message History

Unknown command.
You closely miss the death drake.
The death drake is lightly wounded.
You are engulfed in dark miasma.
You are lethally poisoned!
You feel extremely sick. The death drake closely misses you.
You closely miss the death drake.
The death drake is lightly wounded.
* * * LOW HITPOINT WARNING * * *
You feel extremely sick. The death drake barely misses you.
You thump the death drake! You headbutt the death drake!
The death drake is heavily wounded.
* * * LOW HITPOINT WARNING * * *
You feel extremely sick. The death drake bites you.
* * * LOW HITPOINT WARNING * * *
You hit the death drake. Your headbutt misses the death drake.
The death drake is heavily wounded.
* * * LOW HITPOINT WARNING * * *
You feel extremely sick. The death drake bites you.
* * * LOW HITPOINT WARNING * * *
You sock the death drake! You headbutt the death drake!!
You kill the death drake!
Trog accepts your kill.
* * * LOW HITPOINT WARNING * * *
You feel extremely sick.
Your box of beasts has recharged.
Your Evocations skill increases to level 2!
You have reached level 11!
Unknown command.
* * * LOW HITPOINT WARNING * * *
You feel extremely sick.
Unknown command.
You feel a strong urge to attack something.
You are no longer berserk.
You are exhausted.
You feel as though you will be slow longer.
You die...

#..♣♣ ♣♣♣##+###
###'♣♣♣♣♣♣♣♣♣♣♣♣♣♣♣
♣♣♣♣.##..##≈≈≈≈≈≈..#
♣..)##.##.#≈≈≈≈≈...#
♣♣.##.##)##'≈≈≈≈≈####
♣..#.##[.÷#≈≈...○○○○
♣♣.##.##..#≈..+####
♣♣.##.#####...#
♣.....##.†@...#
########+######


There were no monsters in sight!

Vanquished Creatures
  Snorg (D)
  2 hydras (D)
  A centaur warrior (D)
  Urug (D)
  A death drake (D)
  A lindwurm (D)
  A deep elf pyromancer (D)
  2 unseen horrors (D)
  2 cane toads (D)
  A komodo dragon (D)
  3 wandering mushrooms (D)
  2 tyrant leeches (D)
  A shadow (D)
  3 redbacks (D)
  A spatial vortex (D)
  2 centaurs (D)
  A water elemental (D)
  A necrophage (D)
  An electric eel (D)
  A jelly (D)
  Crazy Yiuf (D)
  Jessica (D)
  A wizard (D)
  A necromancer (D)
  3 humans (D)
  A kobold demonologist (D)
  An endoplasm (D)
  2 rats (D)
40 creatures vanquished.

Vanquished Creatures (others)
  A plant (D)
1 creature vanquished.

Grand Total: 41 creatures vanquished

Notes
Turn   | Place    | Note
-------+----------+-------------------------------------------
     0 | D        | mhtbhm the Minotaur Berserker began the quest for the Orb.
     0 | D        | Reached XP level 1. HP: 19/19 MP: 0/0
    12 | D        | Reached skill level 4 in Fighting
    25 | D        | Reached ** piety under Trog
    33 | D        | Noticed Jessica
    38 | D        | Killed Jessica
    39 | D        | Reached skill level 5 in Fighting
    39 | D        | Reached skill level 5 in Polearms
    39 | D        | Reached XP level 2. HP: 25/30 MP: 1/1
    39 | D        | Reached XP level 3. HP: 32/37 MP: 2/2
    98 | D        | Noticed Crazy Yiuf
   104 | D        | Killed Crazy Yiuf
   105 | D        | Reached skill level 6 in Fighting
   116 | D        | Reached skill level 1 in Stealth
   116 | D        | Reached XP level 4. HP: 9/45 MP: 3/3
   395 | D        | Noticed a water elemental
   399 | D        | Killed a water elemental
   399 | D        | Reached *** piety under Trog
   400 | D        | Reached skill level 8 in Fighting
   455 | D        | Found a basalt altar of Yredelemnul.
   455 | D        | Found a shadowy altar of Dithmenos.
   455 | D        | Found a sacrificial altar of Ru.
   455 | D        | Noticed a necrophage
   458 | D        | Reached skill level 1 in Staves
   458 | D        | Reached XP level 5. HP: 55/55 MP: 4/4
   462 | D        | Reached skill level 9 in Fighting
   462 | D        | Reached skill level 5 in Armour
   606 | D        | Found a hide-covered altar of Uskayaw.
   606 | D        | Found an iron altar of Okawaru.
   606 | D        | Found a bloodstained altar of Trog.
   606 | D        | Found an ornate altar of the Wu Jian Council.
   606 | D        | Noticed a human
   608 | D        | Noticed a human
   609 | D        | Killed a human
   609 | D        | Reached **** piety under Trog
   610 | D        | Reached skill level 10 in Fighting
   610 | D        | Reached skill level 10 in Polearms
   610 | D        | Reached skill level 5 in Dodging
   610 | D        | Reached XP level 6. HP: 66/66 MP: 5/5
   615 | D        | Killed a human
   681 | D        | Found a glowing silver altar of Zin.
   681 | D        | Found a glowing golden altar of the Shining One.
   681 | D        | Found a white marble altar of Elyvilon.
   682 | D        | Noticed a deep elf pyromancer
   687 | D        | Killed a deep elf pyromancer
   688 | D        | Reached skill level 12 in Fighting
   688 | D        | Reached skill level 5 in Staves
   688 | D        | Reached XP level 7. HP: 77/77 MP: 6/6
   759 | D        | Found a radiant altar of Vehumet.
   759 | D        | Found a shimmering blue altar of Sif Muna.
   759 | D        | Found an ancient bone altar of Kikubaaqudgha.
   762 | D        | Noticed an orange demon
  1007 | D        | Noticed a shadow
  1010 | D        | Killed a shadow
  1011 | D        | Reached XP level 8. HP: 80/85 MP: 7/7
  1012 | D        | Reached ***** piety under Trog
  1037 | D        | Found a blossoming altar of Fedhas.
  1037 | D        | Found a stormy altar of Qazlal.
  1037 | D        | Found a snail-covered altar of Cheibriados.
  1037 | D        | Found a burning altar of Makhleb.
  1037 | D        | Found a shimmering altar of Xom.
  1038 | D        | Found a hazy altar of Hepliaklqana.
  1038 | D        | Found an opulent altar of Gozag.
  1038 | D        | Found a sparkling altar of Nemelex Xobeh.
  1038 | D        | Found a corrupted altar of Lugonu.
  1038 | D        | Found a viscous altar of Jiyva.
  1066 | D        | Noticed Snorg
  1108 | D        | Killed Snorg
  1109 | D        | Reached skill level 13 in Fighting
  1357 | D        | Noticed a centaur warrior
  1361 | D        | Reached XP level 9. HP: 94/94 MP: 8/8
  1364 | D        | Killed a centaur warrior
  1365 | D        | Reached skill level 14 in Fighting
  1365 | D        | Reached skill level 10 in Staves
  1365 | D        | Reached skill level 5 in Stealth
  1452 | D        | Killed an unseen horror
  1483 | D        | Killed an unseen horror
  1483 | D        | Received a gift from Trog
  1484 | D        | Reached skill level 15 in Fighting
  1697 | D        | Noticed a wandering mushroom
  1703 | D        | Noticed a wandering mushroom
  1705 | D        | Noticed a wandering mushroom
  1709 | D        | Killed a wandering mushroom
  1721 | D        | Killed a wandering mushroom
  1896 | D        | Noticed a cane toad
  1896 | D        | Noticed a komodo dragon
  1896 | D        | Noticed a cane toad
  1901 | D        | Killed a cane toad
  1902 | D        | Reached XP level 10. HP: 106/106 MP: 9/9
  1903 | D        | Killed a cane toad
  1904 | D        | Reached skill level 1 in Evocations
  1922 | D        | Reached ****** piety under Trog
  2200 | D        | Received a gift from Trog
  2201 | D        | Reached skill level 16 in Fighting
  2404 | D        | Noticed a lindwurm
  2411 | D        | Killed a lindwurm
  2698 | D        | Noticed Urug
  2704 | D        | Killed Urug
  2705 | D        | Reached skill level 15 in Staves
  2948 | D        | Noticed a six-headed hydra
  2948 | D        | Noticed a five-headed hydra
  2958 | D        | Killed a six-headed hydra
  2959 | D        | Reached skill level 17 in Fighting
  2959 | D        | Reached skill level 10 in Dodging
  3018 | D        | Killed a five-headed hydra
  3212 | D        | Noticed a death drake
  3222 | D        | Killed a death drake
  3223 | D        | Reached XP level 11. HP: 15/117 MP: 10/10
  3223 | D        | HP: 5/175 [poisoned by a death drake (dark miasma)]
  3224 | D        | Succumbed to a death drake's dark miasma

Illustrated notes

Levels and vault maps discovered:
D:        dungeon_sprint_mu [sprint_mu_entry_cave, sprint_mu_temple_rooms,
          sprint_mu_d1_horrors, sprint_mu_d2_genie, sprint_mu_d3_branching,
          sprint_mu_orc_legion, sprint_mu_elf_gauntlet, sprint_mu_hive_nellie,
          sprint_mu_lair_fedhas, sprint_mu_vaults_butterflies,
          sprint_mu_slime_circle, sprint_mu_swamp_cave, sprint_mu_shoals_archi,
          sprint_mu_blade_basic, sprint_mu_crypt_lich, sprint_mu_tomb_spiral,
          sprint_mu_vestibule_basic, sprint_mu_gehenna_hellfire,
          sprint_mu_dis_giant, sprint_mu_tartarus_statrot,
          sprint_mu_cocytus_islands, sprint_mu_zot1]

Skill      XL: |  1  2  3  4  5  6  7  8  9 10 |
---------------+-------------------------------+-----
Fighting       | 5 6 8 10 12 13 15 17 | 17.5
Polearms       | 5 6 8 10 12 13 14 | 14.6
Armour         | 3 4 5 6 7 |  7.7
Dodging        | 3 4 5 6 7 8 9 10 | 10.5
Stealth        | 1 2 3 4 6 |  6.9
Staves         | 1 2 5 9 12 16 | 16.5
Evocations     | 2 |  2.0

Action                   |  1- 3 |  4- 6 |  7- 9 | 10-12 || total
-------------------------+-------+-------+-------+-------++-------
Melee: Spear             |    24 |       |       |       ||    24
       Headbutt          |     1 |     2 |    16 |    12 ||    31
       Quarterstaff      |       |    17 |    62 |    65 ||   144
Invok: Berserk           |     1 |     4 |     4 |     4 ||    13
Evoke: Wand              |       |       |     1 |     1 ||     2
       Box of beasts     |       |       |     1 |     1 ||     2
  Use: Potion            |       |       |     1 |     1 ||     2
 Stab: Sleeping          |     1 |       |       |     2 ||     3
Armor: Robe              |       |     1 |    17 |     3 ||    21
       Ring mail         |       |       |       |     3 ||     3
Dodge: Dodged            |     3 |     4 |    30 |    17 ||    54

Table legend: (Time is in decaauts)
 A = Elapsed time spent in this place.
 B = Non-inter-level travel time spent in this place.
 C = Inter-level travel time spent in this place.
 D = Time resting spent in this place.
 E = Time spent auto-exploring this place.
 F = Levels seen in this place.
 G = Mean time per level.
                   A        B        C        D        E       F      G
               +--------+--------+--------+--------+--------+-----+--------+
         Total |   3276 |   3276 |      0 |   2653 |     36 |   1 | 3276.0 |
       Dungeon |   3276 |   3276 |      0 |   2653 |     36 |   1 | 3276.0 |
               +--------+--------+--------+--------+--------+-----+--------+

Top non-repeatable levels by time:
       D: 3276 daAuts
